 Dungeon Crawl Stone Soup version 0.30-a0-1008-g30c9307041 (webtiles) character file.

Game seed: 102637598481126447

123 gelatine the Stinger (level 4, -13/32 HPs)
             Began as a Demonspawn Venom Mage on Apr 6, 2023.
             Mangled by Menkaure (18 damage)
             ... on level 4 of the Dungeon.
             The game lasted 00:07:16 (3362 turns).

gelatine the Stinger (Demonspawn Venom Mage)        Turns: 3362, Time: 00:07:17

Health: -13/32     AC:  4    Str:  7 (8)  XL:     4   Next: 79%
Magic:  7/7        EV: 12    Int: 16 (18) God:
Gold:   81         SH:  4    Dex: 11 (14) Spells: 1/7 levels left

rFire   . . .      SeeInvis .    j - +0 hand axe
rCold   . . .      Faith    .    (no shield)
rNeg    . . .      Spirit   .    a - +0 robe
rPois   .          Reflect  .    t - +0 helmet
rElec   .          Rampage  .    p - +0 cloak
rCorr   .                        (no gloves)
Will    .....                    (no boots)
Stlth   ++                       (no amulet)
HPRegen 0.25/turn                (no ring)
MPRegen 0.10/turn                (no ring)

@: no status effects
A: claws 1, condensation shield
a: no special abilities


You were on level 4 of the Dungeon.
You visited 1 branch of the dungeon, and saw 4 of its levels.

You collected 81 gold pieces.

Inventory:

Hand Weapons
 g - a +0 club
 h - a +0 spear
 j - a +0 hand axe (weapon)
Armour
 a - a +0 robe (worn)
 p - a +0 cloak (worn)
 t - a +0 helmet (worn)
Scrolls
 c - a scroll of fog {unknown}
 d - 2 scrolls of fear
 f - a scroll of teleportation {unknown}
 l - a scroll of vulnerability {unknown}
 n - 2 scrolls of torment {unknown}
 o - a scroll of enchant weapon {unknown}
 q - a scroll of magic mapping {unknown}
 s - a scroll of immolation {unknown}
 v - a scroll of silence {unknown}
Potions
 b - a potion of magic
 e - 2 potions of flight
 i - a potion of attraction
 k - a potion of degeneration
 m - a potion of cancellation {unknown}
 r - a potion of lignification {unknown}
 u - 3 potions of ambrosia {unknown}


   Skills:
 * Level 1.6 Fighting
 + Level 0.6 Axes
 * Level 2.2 Dodging
 + Level 1.9 Stealth
 * Level 0.6 Shields
 + Level 2.2 Spellcasting
 + Level 2.1 Transmutations
 + Level 0.2 Air Magic
 * Level 3.7 Poison Magic


You had one spell level left.
You knew the following spells:

 Your Spells              Type           Power      Damage    Failure   Level
a - Sting                 Tmut/Pois      44%        1d5       6%          1
b - Poisonous Vapours     Pois/Air       16%        N/A       14%         2
c - Mephitic Cloud        Conj/Pois/Air  6%         N/A       34%         3

Your spell library contained the following spells:

 Spells                   Type           Power      Damage    Failure   Level
 Olgreb's Toxic Radiance  Pois           13%        N/A       41%         4


Dungeon Overview and Level Annotations

Branches:
Dungeon (4/15)
 Temple: D:4-7

Altars:
Gozag

Shops:
D:1 *

Annotations:
D:4 1 runed translucent door, Crazy Yiuf, Menkaure


Innate Abilities, Weirdness & Mutations

You have sharp fingernails.
A meltable shield of frost defends you. (SH +4)


Message History

You hit the ufetubus.
You kill the ufetubus!
v - a scroll labelled GANOFI MICIMUEQ
Found a short sword.
Found an escape hatch in the ceiling.
A hobgoblin comes into view.
Found a murky emerald potion.
u - 3 murky emerald potions (gained 1)
Found a hammer.
Found a runed translucent door.
There is an open door here.
There is an open door here.
You open the door.
There is an open door here.
You open the door.
There is an open door here.
As you open the door, it creaks loudly!
Found an escape hatch in the floor.
Menkaure, Prince of Dust comes into view.
There is an open door here.
Menkaure draws the symbol "Udjat" in the dust.
Menkaure hits you.
You hit Menkaure but do no damage. You block Menkaure's attack.
You hit Menkaure but do no damage. Menkaure closely misses you.
You hit Menkaure but do no damage. Menkaure barely misses you.
You hit Menkaure but do no damage. Menkaure hits you!
You barely miss Menkaure. Menkaure barely misses you.
You hit Menkaure.
Menkaure is lightly damaged.
You block Menkaure's attack.
You hit Menkaure.
Menkaure is moderately damaged.
Menkaure hits you!
Ouch! That really hurt!
* * * LOW HITPOINT WARNING * * *
It was a potion of degeneration.
There was something very wrong with that liquid.
You feel weakened.
You feel dopey.
You feel clumsy. Menkaure hits you!!
Ouch! That really hurt!
You die...

#######.#
#.....+...........+
........#####
#...##.###......#
#####.......#
#......# ######.#
#####.......#
##...### ..#
............# ##'###
.. ............#
#..>.# .........)..#
#....# ...........<#
#....#
######.####.#.#.@..#
................M..#
######.####........#
.....#........#....#
####...........#.###
..##.............#
#.##.............# #
#....######.#.# ..
#....#


You could see Menkaure.

Vanquished Creatures
  An orc wizard (D:4)
  4 adders
  An ufetubus (D:4)
  A worm (D:3)
  A dart slug (D:2)
  5 orcs (D:4)
  A bat (D:2)
  2 endoplasms
  2 giant cockroaches (D:3)
  A goblin (D:1)
  14 jackals
  3 quokkas
  4 ball pythons
  2 frilled lizards (D:3)
  2 kobolds
  4 rats
48 creatures vanquished.

Notes
Turn   | Place    | Note
-------+----------+-------------------------------------------
     0 | D:1      | gelatine the Demonspawn Venom Mage began the quest for the
                  | Orb.
     0 | D:1      | Reached XP level 1. HP: 13/13 MP: 3/3
    85 | D:1      | Found Ysuelyt's General Store.
   649 | D:1      | Reached skill level 1 in Transmutations
   692 | D:1      | Gained mutation: A meltable shield of frost defends you.
                  | (SH +4) [demonic ancestry]
   692 | D:1      | Reached XP level 2. HP: 18/19 MP: 3/5
   995 | D:2      | Reached skill level 1 in Fighting
   995 | D:2      | Reached XP level 3. HP: 21/26 MP: 0/6
  2266 | D:3      | Found an opulent altar of Gozag.
  2300 | D:3      | Gained mutation: You have sharp fingernails. [demonic
                  | ancestry]
  2300 | D:3      | Reached XP level 4. HP: 26/32 MP: 1/7
  2921 | D:4      | Learned a level 2 spell: Poisonous Vapours
  2927 | D:4      | Learned a level 3 spell: Mephitic Cloud
  3216 | D:4      | Found a runed translucent door.
  3217 | D:4      | Noticed Crazy Yiuf
  3350 | D:4      | Noticed Menkaure
  3362 | D:4      | Mangled by Menkaure

Illustrated notes

Levels and vault maps discovered:
D:1:      dpeg_arrival_oval, layout_loops_ring, serial_shops, shop,
          minmay_tree_intersection, corexii_item_surrounded_by_moat
D:2:      layout_basic, st_stairs_2
D:3:      layout_loops_ring, grunt_gozag_statues, grunt_decor_fettered
D:4:      layout_basic, dk_noncrumbling_2, uniq_menkaure,
          uniq_crazy_yiuf_cottage

Skill      XL: |  1  2  3  4 |
---------------+-------------+-----
Transmutations | 1 2 |  2.1
Dodging        | 2 |  2.2
Fighting       | 1 |  1.6
Axes           | |  0.6
Stealth        | |  1.9
Shields        | |  0.6
Spellcasting   | |  2.2
Air Magic      | |  0.2
Poison Magic   | |  3.7

Action                     |  1- 3 |  4- 6 || total
---------------------------+-------+-------++-------
  Melee: Hand axe          |    33 |    26 ||    59
         Club              |     3 |       ||     3
   Cast: Sting             |    65 |    23 ||    88
         Poisonous Vapours |       |     4 ||     4
         Mephitic Cloud    |       |     1 ||     1
    Use: Scroll            |     3 |       ||     3
         Potion            |       |     1 ||     1
 Armour: Robe              |     6 |    14 ||    20
  Dodge: Dodged            |    36 |    26 ||    62
  Block: Other             |    12 |     5 ||    17

Table legend: (Time is in decaauts)
 A = Elapsed time spent in this place.
 B = Non-inter-level travel time spent in this place.
 C = Inter-level travel time spent in this place.
 D = Time resting spent in this place.
 E = Time spent auto-exploring this place.
 F = Levels seen in this place.
 G = Mean time per level.
                   A        B        C        D        E       F      G
               +--------+--------+--------+--------+--------+-----+--------+
         Total |   3377 |   3304 |     73 |      0 |   2749 |   4 |  844.2 |
       Dungeon |   3377 |   3304 |     73 |      0 |   2749 |   4 |  844.2 |
               +--------+--------+--------+--------+--------+-----+--------+

Top non-repeatable levels by time:
     D:2: 985 daAuts
     D:3: 976 daAuts
     D:1: 929 daAuts
     D:4: 486 daAuts
